 Dungeon Crawl Stone Soup version 0.31.0-12-g77e489cdc1 (webtiles) character file.

Game seed: 9164200108253601109

99892 superradish the Metamorph (level 15, -8/183 HPs)
             Began as a Troll Shapeshifter on Feb 13, 2024.
             Was the Champion of Nemelex Xobeh.
             Mangled by Saint Roka
             ... wielding a +0 scimitar
              (35 damage)
             ... on level 2 of the Orcish Mines.
             The game lasted 00:59:11 (21131 turns).

superradish the Metamorph (Troll Shapeshifter)     Turns: 21131, Time: 00:59:11

Health: -8/183     AC: 12    Str: 41    XL:     15   Next: 79%
Magic:  30/30      EV: 14    Int:  4    God:    Nemelex Xobeh [******]
Gold:   1716       SH:  5    Dex:  9    Spells: 14/14 levels left

rFire   . .          .
                       - Unarmed
rCold   + . .        (shield currently unavailable)
rNeg    . . .        M - melded +3 troll leather armour
rPois   +            (helmet currently unavailable)
rElec   .            (cloak currently unavailable)
rCorr   .            (gloves unavailable)
SInv    +            (boots unavailable)
Will    ++...        t - amulet of reflection
Stlth   +            R - +5 ring of evasion
HPRegen 1.30/turn    s - ring of Plog {Str+4 SInv}
MPRegen 0.22/turn

%: reflection
@: snake-form, studying Invocations
A: constrict, boosted hp, large, unfitting armour, (claws 3), regeneration 1,
(shaggy fur 1), (tough skin 1), (horns 1), dopey 1, mutation resistance 1
a: Begin Untransformation, Renounce Religion, Draw Escape, Draw Destruction,
Draw Summoning, Triple Draw, Deal Four, Stack Five


You were on level 2 of the Orcish Mines.
You worshipped Nemelex Xobeh.
Nemelex Xobeh was exalted by your worship.
You were an enormous serpent.
You visited 3 branches of the dungeon, and saw 22 of its levels.
You also visited: Gauntlet.

You collected 2210 gold pieces.
You spent 494 gold pieces at shops.

Inventory:

Hand Weapons
 m - a +5 scimitar of flaming
Missiles
 b - 5 atropa-tipped darts
 f - 17 boomerangs
 n - 20 poisoned darts
 B - 2 curare-tipped darts
 G - 10 javelins
Armour
 a - a +0 animal skin
 k - a +2 robe
 o - a +0 hat of stealth
 M - a +3 troll leather armour (melded)
Jewellery
 e - a +6 ring of strength
 g - a ring of poison resistance
 p - a +6 ring of strength
 s - the ring of Plog (right hand) {Str+4 SInv}
   (You found it in a Gauntlet)

   [ring of see invisible]

   Str+4:     It affects your strength (+4).
   SInv:      It lets you see invisible.
 t - an amulet of reflection (around neck)
 N - a ring of magical power
 R - a +5 ring of evasion (left hand)
 X - a +6 ring of strength
 Y - a +6 ring of strength
Talismans
 c - a beast talisman
 d - a flux talisman
 E - a maw talisman
 P - the serpent talisman of Free Expression (active) {rC+ Will+ MP+9}
   (You found it on level 3 of the Lair of Beasts)

   [serpent talisman]

   rC+:       It protects you from cold.
   Will+:     It increases your willpower.
   MP+9:      It affects your magic capacity (+9).
Wands
 D - a wand of acid (19) (quivered)
 K - a wand of iceblast (2)
 Q - a wand of digging (10)
 W - a wand of paralysis (5)
Scrolls
 h - 6 scrolls of teleportation
 i - 8 scrolls of immolation
 j - 7 scrolls of fear
 q - 3 scrolls of silence
 r - 5 scrolls of poison
 y - a scroll of revelation
 C - 4 scrolls of fog
 H - 2 scrolls of brand weapon
 I - 3 scrolls of torment
 J - 3 scrolls of vulnerability
 O - 2 scrolls of enchant armour
 Z - a scroll of identify
Potions
 l - a potion of curing
 u - 2 potions of attraction
 v - a potion of berserk rage
 w - 6 potions of magic
 x - a potion of invisibility
 z - a potion of might
 A - 3 potions of brilliance
 L - 2 potions of lignification
 T - 5 potions of haste
 V - 2 potions of enlightenment
Miscellaneous
 U - a phial of floods


   Skills:
 - Level 11.0 Fighting
 - Level 1.5 Dodging
 + Level 13.6 Unarmed Combat
 - Level 10.0 Invocations
 + Level 9.5 Evocations
 * Level 15.4 Shapeshifting


You had 14 spell levels left.
You didn't know any spells.
Your spell library contained the following spells:

 Spells                   Type           Power      Damage    Failure   Level
 Apportation              Tloc           0%         N/A       50%         1
 Slow                     Hex            0%         N/A       50%         1
 Sting                    Conj/Alch      0%         1d3       50%         1
 Jinxbite                 Hex            0%         N/A       65%         2
 Lesser Beckoning         Tloc           0%         N/A       65%         2
 Mercury Vapours          Alch/Air       0%         N/A       65%         2
 Static Discharge         Conj/Air       0%         3-3/arc   65%         2
 Call Canine Familiar     Summ           0%         N/A       86%         3
 Confusing Touch          Hex            0%         N/A       86%         3
 Gell's Gravitas          Tloc           0%         N/A       86%         3
 Inner Flame              Hex/Fire       0%         N/A       86%         3
 Sigil of Binding         Hex            0%         N/A       86%         3
 Stone Arrow              Conj/Erth      0%         3d7       86%         3
 Teleport Other           Tloc           0%         N/A       86%         3
 Vampiric Draining        Necr           0%         2d6       86%         3
 Airstrike                Air            0%         2d(0-16)  99%         4
 Animate Armour           Summ/Erth      0%         N/A       99%         4
 Dimensional Bullseye     Hex/Tloc       0%         N/A       99%         4
 Flame Wave               Conj/Fire      0%         2d4       99%         4
 Olgreb's Toxic Radiance  Alch           0%         N/A       99%         4
 Sticky Flame             Fire/Alch      0%         2d4       99%         4
 Summon Blazeheart Golem  Fire/Summ      0%         N/A       99%         4
 Summon Lightning Spire   Summ/Air       0%         N/A       99%         4
 Alistair's Intoxication  Alch           0%         N/A       100%        5
 Borgnjor's Vile Clutch   Necr/Erth      0%         N/A       100%        5
 Irradiate                Conj/Alch      0%         3d11      100%        5
 Lee's Rapid Deconstruct  Erth           0%         3d4*      100%        5
 Eringya's Noxious Bog    Alch           0%         4d6       100%        6
 Orb of Destruction       Conj           0%         9d5       100%        7
 Spellforged Servitor     Conj/Summ      0%         N/A       100%        7
 Ignition                 Fire           0%         3d3       100%        8
 Lehudib's Crystal Spear  Conj/Erth      0%         10d2      100%        8


Dungeon Overview and Level Annotations

Branches:
Dungeon (15/15)            Temple (0/1) D:7            Lair (5/5) D:9
  Swamp (0/4) Lair:2        Snake (0/4) Lair:2        Slime (0/5) Lair:4
    Orc (2/2) D:12            Elf (0/3) Orc:2        Vaults (0/5) D:14
 Depths (0/4) D:15        Gauntlet (visited)

Altars:
Ashenzari
Cheibriados
Dithmenos
Elyvilon
Gozag
Kikubaaqudgha
Nemelex Xobeh
Ru
Sif Muna
Trog
Uskayaw
Vehumet
Wu Jian
Xom
Yredelemnul
Zin
Jiyva

Shops:
D:4 [   D:9 *

Annotations:
Lair:1 exclusion: 3 oklob plants
Orc:2 Saint Roka


Innate Abilities, Weirdness & Mutations

You are an enormous serpent.
You have a powerful constriction melee attack.
Your maximum health is increased.
Your armour is entirely melded.
You are incapable of wielding weapons or throwing items.
You are too large for most types of armour.
((You have claws for hands.))
Your natural rate of healing is unusually fast.
((You are covered in fur. (AC +1)))
((You have tough skin. (AC +1)))
((You have a pair of small horns on your head.))
You are dopey. (Int -2)
You are somewhat resistant to further mutation.


Message History

The orc barely misses you.
Saint Roka invokes the aid of Beogh against you.
Beogh smites you!
You see here an orc skeleton.
Aiming: Corrosive Bolt
Press: ? - help, Q - select action, (/) - cycle Shift-Dir - straight line, f - orc warrior
Aim: an orc warrior, wielding a +0 short sword and wearing a +0 plate armour (strong, 74% to hit)
The bolt of acid hits the orc!!
The acid corrodes the orc!
You kill the orc!
The bolt of acid misses the orc warrior.
Things that are here:
a +0 battleaxe; a +0 plate armour; an orc skeleton You body-slam the orc warrior!!
You kill the orc warrior!
You barely miss Saint Roka. You grab Saint Roka.
Saint Roka is moderately wounded.
You constrict Saint Roka.
Saint Roka calls down the wrath of Beogh upon you.
Beogh smites you!
You body-slam Saint Roka!!
Saint Roka is heavily wounded.
You constrict Saint Roka! You hit Saint Roka but do no damage.
Saint Roka is heavily wounded.
You constrict Saint Roka!
Saint Roka mumbles some strange prayers to Beogh against you.
Beogh smites you!
You barely miss Saint Roka.
Saint Roka is heavily wounded.
You constrict Saint Roka!
Saint Roka hits you with a +0 scimitar!!!
* * * LOW HITPOINT WARNING * * *
Okay, then.
Okay, then.
Okay, then.
You feel better.
You constrict Saint Roka.
Saint Roka hits you with a +0 scimitar!!
You die...
Saint Roka roars, "Praise to Beogh!"
Your body glows slightly and disappears.

#...#.......##
#.#..#.
##..†.......#
##.....
#.......).#.#
#...##
##...#.....###
#.####
#...###..).# .
####..
#...###....# ..
#...
##....##....##
).. ##..
#.....###....#
)).. ##..
###.....###..S##
o...# ##...
##....#.##
#..)o##))...#
#.... #.....###
##.).)))).#
##... ##.#..##
##).)...## ##.#
###...# ##...###
### ##.## #####
## ### #. ## #


You could see Saint Roka (strong, corroded).

Vanquished Creatures
  Rupert (D:14)
  The ghost of redpenguiin the Grappler, a journeyman TrFi of Ru (Lair:5)
  A minotaur (Gauntlet)
  Snorg (Lair:4)
  A vault guard (D:14)
  8 hydras
  Fannar (Lair:3)
  3 two-headed ogres
  Erica (D:9)
  2 centaur warriors (D:13)
  2 catoblepae (D:13)
  6 death yaks
  A tengu warrior (D:13)
  A shock serpent (shapeshifter) (Orc:2)
  Amaemon (Lair:3)
  A salamander mystic (D:15)
  A skyshark (Lair:2)
  A sea snake (Lair:5)
  A fire crab (Gauntlet)
  Pikel (D:5)
  2 bog bodies (Lair:2)
  3 orc knights (Orc:2)
  5 ugly things
  3 deep elf pyromancers
  5 cyclopes
  2 manticores
  2 orc sorcerers
  11 elephants
  7 centaur zombies (D:10)
  4 meliai (D:14)
  A meliai (shapeshifter) (D:14)
  A water nymph (shapeshifter) (D:15)
  5 gargoyles
  A kobold blastminer (Orc:2)
  12 black mambas
  6 torpor snails
  A guardian serpent (Orc:2)
  An orange demon (Lair:3)
  14 cane toads
  A kobold demonologist (D:12)
  A minotaur zombie (Gauntlet)
  A rime drake (shapeshifter) (D:13)
  10 rime drakes
  A cane toad (shapeshifter) (D:15)
  An unseen horror zombie (D:10)
  2 efreet
  8 komodo dragons
  A tengu conjurer (D:13)
  10 trolls
  12 polar bears
  A queen bee (shapeshifter) (D:14)
  2 wolf spider simulacra (D:15)
  10 blink frogs
  Grinder (D:3)
  3 dream sheep (Lair:5)
  6 hornets
  5 small abominations (Gauntlet)
  19 slime creatures
  A spriggan (shapeshifter) (D:13)
  3 centaur simulacra (D:15)
  A ynoxinul (Gauntlet)
  11 spriggans (Lair:5)
  43 yaks
  4 shadows
  2 wyverns
  2 wraiths
  8 basilisks
  5 fire bats
  2 wargs (Orc:1)
  2 humans
  6 vampire mosquitoes (D:11)
  3 acid dragons
  16 water moccasins
  3 swamp drakes (D:11)
  6 black bears
  2 laughing skulls (D:15)
  18 orc warriors
  7 ice beasts
  41 wolves
  6 ogres
  4 boggarts (Lair:5)
  A lemure (D:5)
  4 centaurs
  A phantom (D:4)
  3 kobold brigands
  A bullfrog (shapeshifter) (D:13)
  3 necrophages (D:10)
  16 bullfrogs
  A gnoll sergeant (D:11)
  A scorpion (D:6)
  A killer bee (shapeshifter) (D:14)
  19 killer bees
  A howler monkey (D:7)
  A hound (D:6)
  3 bombardier beetles
  A human zombie (D:10)
  9 orc priests
  3 iron imps (Gauntlet)
  A jelly (D:6)
  3 gnoll boudas
  A sleepcap (D:5)
  Terence (D:2)
  2 iguanas
  25 orc wizards
  17 hell rats
  A boggart simulacrum (D:15)
  Robin (D:2)
  16 gnolls
  7 adders
  A river rat (Orc:2)
  A shadow imp (D:8)
  8 white imps
  6 ufetubi
  A ribbon worm (D:2)
  3 dart slugs
  75 orcs
  13 bats
  7 endoplasms
  5 giant cockroaches
  12 goblins
  8 hobgoblins
  5 jackals
  8 quokkas
  8 ball pythons
  8 frilled lizards
  15 kobolds
  6 rats
747 creatures vanquished.

Vanquished Creatures (collateral kills)
  2 rust devils (D:9)
  2 red devils (D:9)
  A fire bat (Gauntlet)
  2 neqoxecs (D:9)
  A hell hound (Gauntlet)
  A water moccasin (Lair:1)
  An orc warrior (D:9)
10 creatures vanquished.

Vanquished Creatures (others)
  An orc priest (Orc:2)
  An orc wizard (D:9)
  An orc (Orc:2)
3 creatures vanquished.

Grand Total: 760 creatures vanquished

Notes
Turn   | Place    | Note
-------+----------+-------------------------------------------
     0 | D:1      | superradish the Troll Shapeshifter began the quest for the
                  | Orb.
     0 | D:1      | Reached XP level 1. HP: 18/18 MP: 0/0
    70 | D:1      | Reached skill level 1 in Fighting
   114 | D:1      | Reached XP level 2. HP: 10/27 MP: 1/1
   854 | D:2      | Noticed Terence
   862 | D:2      | Killed Terence
   863 | D:2      | Reached XP level 3. HP: 24/35 MP: 2/2
   900 | D:2      | Noticed Robin
   917 | D:2      | Reached XP level 4. HP: 24/44 MP: 3/3
   925 | D:2      | Killed Robin
  1345 | D:2      | Found a hide-covered altar of Uskayaw.
  1673 | D:3      | Found a white marble altar of Elyvilon.
  1693 | D:3      | Found a glowing silver altar of Zin.
  1728 | D:3      | Reached XP level 5. HP: 48/52 MP: 4/4
  1776 | D:3      | Noticed Grinder
  1789 | D:3      | Paralysed by Grinder for 5 turns
  1799 | D:3      | Killed Grinder
  1800 | D:3      | Reached skill level 4 in Shapeshifting
  1800 | D:3      | Reached XP level 6. HP: 30/62 MP: 5/5
  1947 | D:3      | Found a radiant altar of Vehumet.
  2037 | D:3      | Identified the +5 dagger of the Sun {elec, Fly rC++ rCorr
                  | Int-2}
  2170 | D:4      | Found a shadowy altar of Dithmenos.
  2264 | D:4      | Reached XP level 7. HP: 69/70 MP: 6/6
  2352 | D:4      | Found Povaum's Antique Armour Shoppe.
  2618 | D:4      | Found a sparkling altar of Nemelex Xobeh.
  2641 | D:4      | Became a worshipper of Nemelex Xobeh the Trickster
  2752 | D:5      | Entered Level 5 of the Dungeon
  2833 | D:5      | Found a sacrificial altar of Ru.
  2904 | D:5      | Noticed Pikel
  2936 | D:5      | Killed Pikel
  2937 | D:5      | Reached skill level 5 in Fighting
  2937 | D:5      | Reached skill level 5 in Unarmed Combat
  2937 | D:5      | Reached skill level 1 in Invocations
  2937 | D:5      | Reached skill level 5 in Shapeshifting
  2937 | D:5      | Reached XP level 8. HP: 72/81 MP: 6/8
  3375 | D:6      | Reached * piety under Nemelex Xobeh
  3471 | D:6      | Received a gift from Nemelex Xobeh
  3489 | D:6      | Gained mutation: You are covered in thick fur. (AC +2)
                  | [potion of mutation]
  3913 | D:6      | Found a bloodstained altar of Trog.
  3918 | D:6      | Reached skill level 1 in Evocations
  4077 | D:6      | Found a shimmering blue altar of Sif Muna.
  4504 | D:7      | Found a shimmering altar of Xom.
  4670 | D:7      | Reached XP level 9. HP: 92/92 MP: 10/10
  4834 | D:7      | Found a staircase to the Ecumenical Temple.
  5042 | D:7      | Reached ** piety under Nemelex Xobeh
  5830 | D:8      | Noticed a troll
  5839 | D:8      | Reached skill level 6 in Shapeshifting
  5845 | D:8      | Killed a troll
  6246 | D:8      | Found an ancient bone altar of Kikubaaqudgha.
  6381 | D:8      | Received a gift from Nemelex Xobeh
  6718 | D:9      | Noticed Erica
  6721 | D:9      | Found Okig's General Store.
  6727 | D:9      | Killed Erica
  6728 | D:9      | Reached XP level 10. HP: 104/104 MP: 12/12
  6809 | D:9      | Noticed a soul eater
  6886 | D:9      | Found a broken altar of Ashenzari.
  7014 | D:9      | Bought a scroll of identify for 26 gold pieces
  7049 | D:9      | Reached *** piety under Nemelex Xobeh
  7084 | D:9      | Received a gift from Nemelex Xobeh
  7199 | D:9      | Found a staircase to the Lair.
  7473 | D:9      | Noticed a rust devil
  7474 | D:9      | Noticed a rust devil
  7480 | D:9      | Reached skill level 5 in Invocations
  7481 | D:9      | Killed a rust devil
  7482 | D:9      | Reached skill level 7 in Shapeshifting
  7485 | D:9      | Killed a rust devil
  7514 | D:9      | Lost mutation: You are covered in thick fur. (AC +2)
                  | [potion of mutation]
  7514 | D:9      | Gained mutation: You have a pair of small horns on your
                  | head. [potion of mutation]
  7514 | D:9      | Gained mutation: You are dopey. (Int -2) [potion of
                  | mutation]
  7514 | D:9      | Gained mutation: You are somewhat resistant to further
                  | mutation. [potion of mutation]
  7572 | D:10     | Entered Level 10 of the Dungeon
  7858 | D:10     | Found an opulent altar of Gozag.
  7866 | D:10     | Reached XP level 11. HP: 94/113 MP: 14/14
  8040 | D:10     | Found a basalt altar of Yredelemnul.
  8099 | D:10     | Reached skill level 8 in Shapeshifting
  8159 | D:10     | Reached **** piety under Nemelex Xobeh
  8212 | D:10     | Received a gift from Nemelex Xobeh
  8612 | Lair:1   | Entered Level 1 of the Lair of Beasts
  8626 | Lair:1   | Identified a scroll of acquirement
  8626 | Lair:1   | Acquired a manual of Invocations
  8849 | Lair:1   | Reached skill level 5 in Evocations
  9206 | Lair:1   | Received a gift from Nemelex Xobeh
  9209 | Lair:1   | Found a frozen archway.
  9316 | D:9      | Bought a +6 ring of strength for 468 gold pieces
  9471 | Lair:1   | Reached XP level 12. HP: 93/124 MP: 16/16
  9711 | Lair:1   | Reached skill level 9 in Shapeshifting
  9821 | Lair:1   | Reached ***** piety under Nemelex Xobeh
  9911 | Lair:1   | Received a gift from Nemelex Xobeh
 10285 | Lair:2   | Found a gate leading to a gauntlet.
 10333 | Gauntlet | Entered a Gauntlet
 10333 | Gauntlet | Found a transporter.
 10333 | Gauntlet | Found a transporter.
 10335 | Gauntlet | Noticed a death scarab
 10336 | Gauntlet | Found a transporter.
 10336 | Gauntlet | Found a transporter.
 10339 | Gauntlet | Found a transporter.
 10355 | Gauntlet | Found a runed translucent door.
 10357 | Gauntlet | Found a transporter.
 10359 | Gauntlet | Found a runed translucent door.
 10360 | Gauntlet | Found a transporter.
 10399 | Gauntlet | Found a transporter.
 10400 | Gauntlet | Found a transporter.
 10400 | Gauntlet | Found a transporter.
 10410 | Gauntlet | Noticed a hell beast
 10481 | Gauntlet | Received a gift from Nemelex Xobeh
 10500 | Gauntlet | Found a transporter.
 10513 | Gauntlet | Found a transporter.
 10529 | Gauntlet | Found a transporter.
 10539 | Gauntlet | Found a transporter.
 10777 | Gauntlet | Reached skill level 10 in Fighting
 10790 | Gauntlet | Identified the ring of Plog {Str+4 SInv}
 10811 | Gauntlet | Noticed a minotaur
 10823 | Gauntlet | Killed a minotaur
 10840 | Gauntlet | Reached skill level 10 in Unarmed Combat
 10951 | Lair:2   | Reached skill level 10 in Shapeshifting
 10999 | Lair:2   | Noticed an eight-headed hydra
 11003 | Lair:2   | Killed an eight-headed hydra
 11153 | Lair:2   | Reached XP level 13. HP: 114/133 MP: 19/19
 11721 | Lair:2   | Found a staircase to the Swamp.
 11736 | Lair:2   | Reached skill level 10 in Invocations
 11810 | Lair:2   | Identified the +6 battleaxe "Geohae" {freeze, *Slow Will+
                  | Stlth+}
 11897 | Lair:2   | Found a staircase to the Snake Pit.
 12240 | Lair:3   | Reached skill level 11 in Shapeshifting
 12390 | Lair:3   | Identified the serpent talisman of Free Expression {rC+
                  | Will+ MP+9}
 12540 | Lair:3   | Noticed Fannar
 12548 | Lair:3   | Killed Fannar
 12725 | Lair:3   | Noticed Amaemon
 12730 | Lair:3   | Killed Amaemon
 12771 | Lair:3   | Received a gift from Nemelex Xobeh
 13034 | Lair:4   | Found a staircase to the Slime Pits.
 13034 | Lair:4   | Found a viscous altar of Jiyva.
 13606 | Lair:4   | Found a snail-covered altar of Cheibriados.
 13618 | Lair:4   | Reached skill level 12 in Shapeshifting
 13717 | Lair:4   | Reached XP level 14. HP: 146/146 MP: 20/20
 14067 | Lair:4   | Noticed Snorg
 14073 | Lair:4   | Killed Snorg
 14138 | Lair:5   | Entered Level 5 of the Lair of Beasts
 14257 | Lair:5   | HP: 7/175 [black mamba (7)]
 14469 | Lair:5   | Received a gift from Nemelex Xobeh
 14592 | Lair:5   | Reached skill level 13 in Shapeshifting
 14905 | Lair:5   | Received a gift from Nemelex Xobeh
 14930 | Lair:5   | Reached ****** piety under Nemelex Xobeh
 15068 | Lair:5   | Found a runed translucent door.
 15068 | Lair:5   | Noticed redpenguiin's ghost (journeyman TrFi)
 15263 | Lair:5   | Killed redpenguiin's ghost
 15845 | D:11     | Received a gift from Nemelex Xobeh
 16171 | D:11     | Received a gift from Nemelex Xobeh
 16388 | D:12     | Found a staircase to the Orcish Mines.
 16845 | D:12     | Received a gift from Nemelex Xobeh
 16974 | D:12     | Reached skill level 14 in Shapeshifting
 17050 | D:12     | Reached XP level 15. HP: 153/153 MP: 21/21
 18261 | D:14     | Noticed Rupert
 18273 | D:14     | Killed Rupert
 18493 | D:14     | Received a gift from Nemelex Xobeh
 18989 | D:14     | Found a gate to the Vaults.
 19137 | D:15     | Entered Level 15 of the Dungeon
 19230 | D:15     | Received a gift from Nemelex Xobeh
 19433 | D:15     | Reached skill level 15 in Shapeshifting
 19550 | D:15     | Found an ornate altar of the Wu Jian Council.
 19673 | D:15     | Found a staircase to the Depths.
 20145 | Orc:1    | Entered Level 1 of the Orcish Mines
 20173 | Orc:1    | Received a gift from Nemelex Xobeh
 20534 | Orc:2    | Entered Level 2 of the Orcish Mines
 20549 | Orc:2    | Received a gift from Nemelex Xobeh
 20696 | Orc:2    | Found a staircase to the Elven Halls.
 20781 | Orc:2    | Received a gift from Nemelex Xobeh
 20856 | Orc:2    | Noticed Saint Roka
 21131 | Orc:2    | Mangled by Saint Roka

Illustrated notes

Levels and vault maps discovered:
D:1:      minmay_arrival_diagonal_passages, layout_basic, minmay_parallelograms,
          st_stairs_5, minmay_misc_feat_tiny, minmay_surrounded
D:2:      layout_basic, basic_altar, supply_closet_lemuel, uniq_robin,
          uniq_terence
D:3:      layout_rooms, elyvilon_altar_5, mainiacjoe_overflow_tiny_flanked,
          nicolae_vehumet_altar_sigil, kennysheep_another_room,
          minmay_quantized, uniq_grinder
D:4:      layout_cave_pools, nemelex_spade_bored_becter,
          grunt_dithmenos_smoke_and_mirrors, serial_shops, shop,
          kennysheep_generic_room_5
D:5:      layout_rooms, nicolae_ru_sacrificial_ziggurat, roderic_batcave,
          uniq_pikel
D:6:      layout_loops_corners, trog_three_pillars_becter, led_sif_book
D:7:      layout_loops_corners, lemuel_doored_altar,
          minmay_temple_entry_statues_pillars,
          serial_library_hellmonk_secret_room, corexii_item_surrounded_by_moat,
          serial_bayou_crossing
D:8:      layout_basic, old_standard_altar, grunt_ministairs_6,
          nicolae_elevator_lobby_plus
D:9:      layout_roguey, ashenzari_altar_1, hellmonk_lair_entry_icy,
          serial_shops, shop, nicolae_neqoxec_dot_bat, uniq_erica
D:10:     layout_grid_maze, lemuel_round_altar,
          lemuel_mausoleum_altar_yredelemnul, hangedman_decor_peaks_small
D:11:     layout_rooms, special_room [special_room_orc], st_stairs_8,
          kennysheep_path_1, pond
D:12:     layout_loops_cross, orc_david_3, grunt_ministairs_5
D:13:     layout_roguey
D:14:     layout_roguey, hellmonk_vaults_keyhole, nicolae_wwwww, uniq_rupert
D:15:     hangedman_depths_entry_try_elsewhere_first, layout_loops_ring,
          nrook_campfire, serial_ice, serial_ice_h, serial_ice_e, serial_ice_i,
          serial_ice_g, serial_ice_b, serial_ice_f, serial_ice_o, serial_ice_d,
          nzn_wu_jian_contemplation
Lair:1:   minmay_lair_oklob_chamber, layout_concentric_octagons,
          portal_ice_cave_rime, nicolae_volcano_entry_batcave,
          beast_lair_carwin_10, lemuel_fruit_tree
Lair:2:   layout_small_grid, skrybe_swamp_entry_bodies,
          minmay_snake_entry_six_corridors, gauntlet_entry_generic,
          cheibrodos_lair_lostbears, grunt_megastairs_4
Lair:3:   layout_gridlike, chequers_serial_rivers_micro_a, uniq_amaemon,
          uniq_fannar
Lair:4:   layout_cave_pods, slime_entry_1, kennysheep_snail_temple, uniq_snorg
Lair:5:   minmay_lair_end_enchanted_forest, layout_small_grid,
          ebering_ghost_inner_flame, grunt_megastairs_3,
          infiniplex_staircase_pool
Orc:1:    layout_diamond_mine
Orc:2:    grunt_orc_tribal_feast, layout_caves, uniq_saint_roka

Skill      XL: |  1  2  3  4  5  6  7  8  9 10 11 12 13 14 15 |
---------------+----------------------------------------------+-----
Fighting       | 1 2 3 4 5 6 7 8 9 10 11 | 11.0
Unarmed Combat | 4 5 6 7 8 9 10 11 12 13 | 13.6
Shapeshifting  | 4 5 6 7 8 10 12 14 15 | 15.4
Invocations    | 1 3 4 5 7 9 10 | 10.0
Evocations     | 1 2 4 5 6 7 8 9 |  9.5
Dodging        | |  1.5

Action                     |  1- 3 |  4- 6 |  7- 9 | 10-12 | 13-15 || total
---------------------------+-------+-------+-------+-------+-------++-------
  Melee: Unarmed           |    55 |   134 |   239 |   375 |   845 ||  1648
         Punch             |       |     2 |     8 |     7 |       ||    17
         Headbutt          |       |       |       |    11 |       ||    11
         Constrict         |       |       |       |    54 |   169 ||   223
  Throw: Boomerang         |    14 |       |    19 |    18 |       ||    51
         Dart              |       |       |     4 |       |       ||     4
         Javelin           |       |       |       |    10 |       ||    10
 Invoke: Draw Destruction  |       |       |     1 |    11 |    47 ||    59
         Draw Summoning    |       |       |       |     5 |       ||     5
         Draw Escape       |       |       |       |     1 |     2 ||     3
  Evoke: Wand              |       |       |     5 |    19 |    53 ||    77
    Use: Potion            |       |       |     7 |     9 |     5 ||    21
         Scroll            |       |       |     9 |    12 |    18 ||    39
   Stab: Paralysed         |       |       |     5 |     2 |       ||     7
 Armour: Animal skin       |    62 |    18 |       |       |       ||    80
         Robe              |       |    80 |   236 |   123 |       ||   439
         Skin              |       |       |    38 |   350 |   677 ||  1065
  Dodge: Dodged            |    24 |    61 |    98 |   186 |   405 ||   774
  Block: Other             |       |       |    64 |    98 |   163 ||   325
         Reflection        |       |       |     1 |     2 |     4 ||     7
   Form: Serpent           |       |       |     1 |     3 |     1 ||     5
         Beast             |       |       |     1 |       |       ||     1
                           |       |       |       |     2 |       ||     2
         Flux              |       |       |       |     1 |       ||     1
